 Dungeon Crawl Stone Soup version 0.31-a0-331-geda263fcf1 (webtiles) character file.

Game seed: 8953998196564375017

37 LustLizard the Changeling (level 3, -6/25 HPs)
             Began as an Octopode Shapeshifter on July 20, 2023.
             Mangled by a phantom (7 damage)
             ... on level 3 of the Dungeon.
             The game lasted 00:03:21 (1466 turns).

LustLizard the Changeling (Octopode Shapeshifter)   Turns: 1466, Time: 00:03:22

Health: -6/25      AC:  1    Str: 16    XL:     3   Next: 39%
Magic:  3/3        EV: 13    Int: 10    God:
Gold:   70         SH:  0    Dex: 12    Spells: 2/2 levels left

rFire   . .          .
                       - Unarmed
rCold   . . .        (no shield)
rNeg    . . .        (helmet currently unavailable)
rPois   .            (no amulet)
rElec   .            (no ring)
rCorr   .            (no ring)
SInv    .            (no ring)
Will    .....        (no ring)
Stlth   +++          (no ring)
HPRegen 0.24/turn    (no ring)
MPRegen 0.08/turn    (no ring)
                     (no ring)

%: no passive effects
@: beast-form
A: beast (slay +2), almost no armour, amphibious, 8 rings, camouflage 1,
gelatinous body 1, (nimble swimmer 1), tentacles
a: Begin Untransformation


You were on level 3 of the Dungeon.
You were a hulking beast.
You visited 1 branch of the dungeon, and saw 3 of its levels.

You collected 70 gold pieces.

Inventory:

Missiles
 f - a throwing net
Jewellery
 j - an amulet of faith
Talismans
 b - a beast talisman
Scrolls
 i - a scroll of enchant armour {unknown}
 l - a scroll of identify {unknown}
 m - a scroll of torment {unknown}
 n - a scroll of teleportation {unknown}
 o - a scroll of poison
Potions
 a - a potion of lignification
 c - a potion of might {unknown}
 d - a potion of degeneration {unknown}
 e - a potion of mutation {unknown}
 g - a potion of brilliance {unknown}
 h - a potion of resistance {unknown}
 k - a potion of heal wounds {unknown}


   Skills:
 + Level 2.4 Fighting
 - Level 2.0 Dodging
 + Level 1.6 Stealth
 * Level 2.7 Unarmed Combat
 + Level 3.2 Shapeshifting


You had 2 spell levels left.
You didn't know any spells.
Your spell library contained the following spells:

 Spells                   Type           Power      Damage    Failure   Level
 Ensorcelled Hibernation  Hex/Ice        0%         N/A       50%         2
 Passwall                 Tmut/Erth      0%         N/A       50%         2
 Swiftness                Air            0%         N/A       75%         3


Dungeon Overview and Level Annotations

Branches:
Dungeon (3/15)

Altars:

Shops:
D:2 :


Innate Abilities, Weirdness & Mutations

You are a hulking beast.
Your limbs bulge with bestial killing power. (Slay +2)
You cannot wear most types of armour.
You are amphibious.
You can wear up to eight rings at the same time.
Your skin changes colour to match your surroundings (Stealth+).
Your rubbery body absorbs attacks. (AC +1, EV +1)
((You are camouflaged when in or above water. (Stealth+)))
You have tentacles for arms and can constrict up to eight enemies at once.


Message History

The phantom is heavily damaged.
The phantom misses you.
You tentacle-slap the phantom but do no damage.
You squeeze the phantom!
The phantom is almost destroyed.
The phantom hits you.
The phantom blinks!
You blink.
An orc comes into view. It is wielding a +0 trident.
Found 15 gold pieces and 2 smoky brown potions.
The orc shouts!
The orc priest shouts!
You tentacle-slap the phantom but do no damage.
The phantom is almost destroyed.
The phantom barely misses you.
You barely miss the phantom.
The phantom is almost destroyed.
The phantom barely misses you.
You completely miss the phantom.
The phantom is almost destroyed.
The phantom hits you!
You tentacle-slap the phantom. Your squeeze misses the phantom.
The phantom is almost destroyed.
The orc priest miscasts a cantrip.
The orc closely misses you. The phantom hits you.
The phantom blinks!
You blink.
An endoplasm comes into view.
Found a scroll labelled OZEUTW OJ NUU.
Found a stone staircase leading down.
The endoplasm quivers.
You tentacle-slap the phantom. Your squeeze misses the phantom.
The phantom is almost destroyed.
The phantom misses you.
You tentacle-slap the phantom.
The phantom is almost destroyed.
The phantom hits you!
* * * LOW HITPOINT WARNING * * *
Unknown command.
You closely miss the phantom.
The phantom is almost destroyed.
The endoplasm hits you.
* * * LOW HITPOINT WARNING * * *
The orc priest closely misses you. The phantom hits you!
You die...

#.#..# #....# ##>##
#....######### .
#............###..
#.................
#.......!.........
###.................
........o..........
#r.....ooWh#
####...r.....J.......
.......ยง.J####.....?.
.........## .......
####...$... ...####
#......... ..##
####..#...........
###.........###....##
............. ...


You could see a phantom, an orc priest, 2 orcs, 2 endoplasms and a rat.

Vanquished Creatures
  6 ball pythons
  2 endoplasms
  3 giant cockroaches
  3 goblins
  2 hobgoblins (D:1)
  2 kobolds
  2 quokkas (D:1)
  7 bats
  3 frilled lizards
  2 rats (D:1)
32 creatures vanquished.

Notes
Turn   | Place    | Note
-------+----------+-------------------------------------------
     0 | D:1      | LustLizard the Octopode Shapeshifter began the quest for
                  | the Orb.
     0 | D:1      | Reached XP level 1. HP: 14/14 MP: 1/1
   203 | D:1      | Found a faded altar of an unknown god.
   234 | D:1      | Reached XP level 2. HP: 19/19 MP: 2/2
   250 | D:1      | Reached skill level 1 in Stealth
   780 | D:2      | Reached XP level 3. HP: 24/24 MP: 3/3
  1068 | D:2      | Found Iklycs's Book Shoppe.
  1453 | D:3      | Noticed a phantom
  1466 | D:3      | HP: 1/25 [endoplasm (1)]
  1466 | D:3      | Mangled by a phantom

Illustrated notes

Levels and vault maps discovered:
D:1:      dpeg_arrival_stone_temple_mockup, layout_loops_ring,
          chequers_ecumenical_altar_island
D:2:      layout_basic, serial_shops, shop
D:3:      layout_rooms, evilmike_ruin_ashenzari, nicolae_overflow_hidden_temple,
          chequers_serial_rivers_room_b

Skill      XL: |  1  2 |
---------------+-------+-----
Stealth        | 1 |  1.6
Fighting       | |  2.4
Dodging        | |  2.0
Unarmed Combat | |  2.7
Shapeshifting  | |  3.2

Action                     || total
---------------------------++-------
  Melee: Unarmed           ||    65
         Constrict         ||    16
         Tentacles         ||    16
         Punch             ||     3
    Use: Scroll            ||     1
   Stab: Sleeping          ||     2
 Armour: Skin              ||     6
  Dodge: Dodged            ||    35

Table legend: (Time is in decaauts)
 A = Elapsed time spent in this place.
 B = Non-inter-level travel time spent in this place.
 C = Inter-level travel time spent in this place.
 D = Time resting spent in this place.
 E = Time spent auto-exploring this place.
 F = Levels seen in this place.
 G = Mean time per level.
                   A        B        C        D        E       F      G
               +--------+--------+--------+--------+--------+-----+--------+
         Total |   1462 |   1385 |     77 |      0 |   1020 |   3 |  487.3 |
       Dungeon |   1462 |   1385 |     77 |      0 |   1020 |   3 |  487.3 |
               +--------+--------+--------+--------+--------+-----+--------+

Top non-repeatable levels by time:
     D:1: 767 daAuts
     D:2: 653 daAuts
     D:3: 42 daAuts
